Map: 2000 atmosfer ER

Players

ivaan - Winner!

  • Race: Protoss Protoss

SI 1 (Bardzo trudna)

  • Race: Terran Terran

VOD

Have the link to the VOD?

Description

Time

  • Played on: Feb. 22, 2022, 10:54 a.m.
  • Length: 7:50
Show
View Real Time Build Order
Export as new Build Order

ivaan Protoss - Winner!

Build Orders: 1 Gate Expand 

Get SALT Encoding   

  12  0:00  Probe  
  13  0:12  Probe  
  14  0:18  Pylon  
  14  0:24  Probe  
  15  0:37  Probe  
  15  0:40  Gateway  
  16  0:52  Probe  
  17  1:04  Probe  
  18  1:19  Nexus  
  18  1:28  Zealot  
  20  1:38  Probe  
  21  1:46  Cybernetics Core  
  21  1:48  Pylon  
  21  1:50  Probe  
  22  2:02  Probe  
  22  2:06  Zealot  
  25  2:14  Probe  
  26  2:15  Gateway  
  26  2:31  Probe (Chrono Boost)  
  26  2:32  Probe (Chrono Boost)  
  26  2:33  Zealot  
  30  2:39  Pylon  
  30  2:41  Probe x2 (Chrono Boost)  
  32  2:46  Probe x2 (Chrono Boost)  
  34  3:01  Zealot  
  34  3:02  Zealot  
  38  3:06  Gateway, Probe x2 (Chrono Boost)  
  40  3:16  Probe x2 (Chrono Boost)  
  42  3:29  Zealot  
  44  3:50  Zealot  
  44  3:52  Gateway x2  
  46  3:56  Gateway  
  46  3:58  Gateway  
  46  4:00  Gateway  
  48  4:02  Zealot (Chrono Boost)  
  48  4:04  Gateway  
  48  4:08  Pylon  
  48  4:10  Pylon  
  48  4:14  Pylon, Zealot (Chrono Boost)  
  48  4:16  Zealot (Chrono Boost)  
  52  4:26  Zealot (Chrono Boost)  
  54  4:32  Zealot (Chrono Boost)  
  54  4:35  Pylon, Zealot  
  54  4:38  Pylon x2  
  58  4:48  Zealot x5  
  58  4:50  Zealot  
  66  5:10  Zealot  
  66  5:11  Zealot x2  
  66  5:15  Zealot x3  
  70  5:23  Zealot x3  
  76  5:38  Zealot x3  
  76  5:42  Zealot  
  84  5:51  Pylon  
  84  5:52  Pylon  
  84  5:55  Pylon  
  84  6:02  Zealot x5  
  94  6:05  Zealot  
  94  6:09  Zealot (Chrono Boost)  
  94  6:10  Zealot (Chrono Boost)  
  100  6:22  Zealot (Chrono Boost)  
  110  6:36  Zealot x2 (Chrono Boost)  
  110  6:37  Zealot x2 (Chrono Boost)  
  110  6:38  Zealot x2 (Chrono Boost)  
  110  6:39  Zealot (Chrono Boost)  
  116  6:40  Zealot (Chrono Boost)  
  112  6:55  Zealot x2 (Chrono Boost)  
  122  7:02  Zealot x4 (Chrono Boost)  
  108  7:20  Zealot  
  108  7:21  Zealot x4  
  116  7:27  Pylon  
Show
View Real Time Build Order
Export as new Build Order

SI 1 (Bardzo trudna) Terran 

Build Orders:  

Get SALT Encoding   

  12  0:00  SCV  
  13  0:13  SCV  
  14  0:18  Supply Depot  
  14  0:25  SCV  
  15  0:40  SCV  
  16  0:52  SCV  
  16  0:55  Refinery  
  17  0:59  Barracks  
  18  1:04  SCV  
  18  1:16  SCV  
  19  1:27  Command Center  
  19  1:37  Supply Depot  
  19  1:40  SCV  
  20  1:47  Marine  
  21  1:58  Factory  
  21  2:10  Barracks  
  21  2:11  SCV  
  22  2:16  Marine  
  23  2:23  SCV  
  23  2:29  Supply Depot  
  24  2:33  Marine  
  24  2:35  SCV  
  26  2:41  SCV, Factory Tech Lab  
  27  2:51  Marine  
  27  2:52  SCV  
  29  3:00  Orbital Command  
  29  3:05  Refinery  
  29  3:12  Orbital Command  
  29  3:14  Marine  
  29  3:16  Marine  
  31  3:25  SCV  
  32  3:32  Marine  
  33  3:34  Marine  
  33  3:37  SCV x2  
  36  3:44  Barracks  
  36  3:49  SCV x2  
  36  3:50  Marine  
  36  3:53  Barracks Tech Lab  
  39  3:57  Starport  
  39  4:01  SCV  
  39  4:02  SCV  
  41  4:08  Barracks Tech Lab  
  41  4:11  Marine  
  41  4:13  SCV  
  41  4:14  SCV, Stimpack  
  44  4:19  Supply Depot  
  44  4:25  SCV  
  44  4:26  SCV, Marine, Combat Shield  
  44  4:29  Marine  
  44  4:30  Marine  
  49  4:35  Medivac  
  49  4:37  SCV  
  52  4:41  SCV  
  52  4:44  Marine  
  52  4:45  Supply Depot  
  54  4:47  Marine, Supply Depot  
  54  4:48  Marine  
  54  4:50  SCV  
  57  4:56  SCV  
  58  5:02  Marine, SCV  
  58  5:05  Marauder, Refinery  
  58  5:06  Medivac  
  63  5:08  SCV  
  63  5:10  Refinery  
  63  5:11  Marine  
  63  5:14  SCV  
  56  5:20  Marauder  
  56  5:21  SCV  
  53  5:26  SCV, Marine  
  55  5:29  Marine, Engineering Bay  
  55  5:33  SCV  
  56  5:38  SCV  
  56  5:41  Marauder  
  58  5:44  Marine  
  58  5:45  SCV  
  58  5:48  Barracks Reactor  
  60  5:50  SCV  
  60  5:51  Barracks, Starport Reactor  
  61  5:57  SCV, Missile Turret  
  61  5:59  Supply Depot  
  61  6:01  Missile Turret  
  61  6:02  SCV, Marauder  
  61  6:03  Marauder  
  65  6:09  SCV  
  62  6:14  SCV  
  60  6:22  Missile Turret  
  60  6:23  Marine  
  60  6:24  Marine x2, Marauder  
  63  6:26  Supply Depot  
  63  6:28  Viking, SCV, Medivac  
  63  6:29  SCV  
  47  6:40  SCV  
  47  6:41  Marauder  
  47  6:42  Marine  
  47  6:43  Marine  
  47  6:45  Marine  
  47  6:46  Marauder  
  54  6:53  SCV  
  53  6:58  Medivac  
  53  7:00  Marine  
  55  7:03  Marauder  
  55  7:05  SCV  
  55  7:07  Marauder  
  60  7:13  Marine  
  57  7:16  Marine  
  57  7:20  Marine  
  45  7:23  SCV  
  45  7:24  Marine  
  45  7:28  Marauder  
  44  7:31  Marine  
  44  7:35  SCV, Command Center  
Tags
 
Add a new tag
Caveats
  • Supply blocks, unpowered buildings, or Contaminate may cause inaccurate times.
  • Supply counts are checked every 10 seconds.